 Dungeon Crawl Stone Soup version 0.19.0 (webtiles) character file.

105539 Ladykiller69 the Fencer (level 16, -2/129 HPs)
             Began as a Formicid Fighter on Nov 1, 2016.
             Was the Champion of Cheibriados.
             Slain by Donald
             ... wielding a +3 eveningstar of protection
              (35 damage)
             ... on level 1 of the Elven Halls.
             The game lasted 02:06:10 (23987 turns).

Ladykiller69 the Fencer (Formicid Fighter)         Turns: 23987, Time: 02:06:11

Health: -2/129     AC: 17    Str: 45    XL:     16   Next: 96%
Magic:  23/25      EV: 18    Int: 26    God:    Cheibriados [******]
Gold:   1931       SH: 15    Dex: 25    Spells: 5 memorised, 4 levels left

rFire  + . .     SeeInvis +     Q - +4 scimitar (flame)
rCold  . . .     Gourm    .     L - +2 plate armour {MR+}
rNeg   . . .     Faith    .     c - +0 shield
rPois  .         Spirit   .     (helmet unavailable)
rElec  .         Reflect  .     (no cloak)
rCorr  .         Harm     .     (no gloves)
MR     ++...                    (no boots)
Stlth  ..........               (no amulet)
                                O - ring of flight
                                F - ring of protection from fire

@: mighty, drained, very slow
A: permanent stasis, dig shafts and tunnels, four strong arms, antennae 3
a: Dig, Shaft Self, Bend Time, Temporal Distortion, Slouch, Step From Time,
Renounce Religion, Evoke Flight


You were on level 1 of the Elven Halls.
You worshipped Cheibriados.
Cheibriados was exalted by your worship.
You were not hungry.

You visited 6 branches of the dungeon, and saw 24 of its levels.
You also visited: Labyrinth, Sewer and Ossuary.

You collected 2064 gold pieces.
You spent 133 gold pieces at shops.

Inventory:

Hand Weapons
 Q - a +4 scimitar of flaming (weapon)
Missiles
 q - 6 throwing nets
 u - 35 tomahawks
 X - 2 poisoned javelins (quivered)
Armour
 c - a +0 shield (worn)
 C - the +7 chain mail of Fedhas's Pride {Str+4}
   (You found it in a labyrinth)

   It affects your strength (+4).
 L - a +2 plate armour of magic resistance (worn)
Jewellery
 t - an uncursed ring of fire
 F - a ring of protection from fire (left hand)
 K - the ring "Iceit" {Fire +Blink MP-9 Str+2 Dex+4}
   (You found it in a labyrinth)

   [ring of fire]

   It enhances your fire magic.
   It affects your strength (+2).
   It affects your dexterity (+4).
   It protects you from fire.
   It makes you vulnerable to cold.
   It affects your magic capacity (-9).
   It lets you blink.
 O - a ring of flight (right hand)
 R - an uncursed ring of protection from cold
 T - an uncursed amulet of faith
Wands
 k - a wand of heal wounds (5/9)
 m - a wand of polymorph (12/24)
 N - a wand of polymorph (1/24)
 P - a wand of polymorph (10/24)
 W - a wand of paralysis (15/24)
 Y - a wand of confusion (14/48)
 Z - a wand of polymorph (11/24)
Scrolls
 i - a scroll of summoning
 l - 4 scrolls of identify
 o - 6 scrolls of enchant weapon
 r - 4 scrolls of fear
 w - 4 scrolls of magic mapping
 y - 3 scrolls of enchant armour
 B - 12 scrolls of remove curse
 D - a scroll of random uselessness {unknown}
 E - a scroll of brand weapon {unknown}
 H - 4 scrolls of noise
 J - a scroll of silence {unknown}
 S - 2 scrolls of amnesia {unknown}
Potions
 d - 4 potions of might
 e - 3 potions of invisibility
 j - 3 potions of cancellation
 n - a potion of agility
 p - 2 potions of heal wounds
 s - a potion of lignification
 v - a potion of beneficial mutation
 x - 3 potions of magic
 z - 7 potions of curing
 G - a potion of ambrosia
 I - 2 potions of resistance
 M - a potion of flight
Miscellaneous
 h - a phantom mirror
Comestibles
 a - 2 slices of pizza
 b - a beef jerky
 f - 17 bread rations
 g - 10 meat rations
 A - 2 fruits


   Skills:
 + Level 12.5(12.0) Fighting
 * Level 17.2(16.7) Long Blades
 + Level 12.4(12.0) Armour
 + Level 10.1(9.7) Dodging
 - Level 9.0(8.6) Shields
 + Level 12.8(12.4) Invocations


You had 4 spell levels left.
You knew the following spells:

 Your Spells              Type           Power        Failure   Level  Hunger
a - Shroud of Golubria    Chrm/Tloc      #.........   77%         2    ###....
b - Summon Butterflies    Summ           #.......     52%         1    ##.....
c - Corona                Hex            #......      52%         1    ##.....
d - Portal Projectile     Tloc           #.....       97%         3    ####...
e - Passage of Golubria   Tloc           N/A          100%        4    #####..


Dungeon Overview and Level Annotations

Branches:
Dungeon (12/15)            Temple (1/1) D:6            Lair (6/6) D:10
  Swamp (0/4) Lair:3       Spider (1/4) Lair:4        Slime (0/5) Lair:5
    Orc (2/2) D:12            Elf (2/3) Orc:2

Altars:
Ashenzari
Cheibriados
Dithmenos
Elyvilon
Fedhas
Gozag
Hepliaklqana
Kikubaaqudgha
Makhleb
Nemelex Xobeh
Okawaru
Qazlal
Ru
Sif Muna
Trog
Uskayaw
Vehumet
Xom
Yredelemnul
Zin
The Shining One
Beogh

Shops:
D:10 (   Orc:2 ?=}:

Annotations:
Lair:5 exclusion: 4 oklob plants
Elf:1 exclusion: Roxanne, Donald, Roxanne
Elf:2 2 runed doors


Innate Abilities, Weirdness & Mutations

You are under a permanent stasis effect.
You can dig through walls and to a lower floor.
Your four strong arms can wield two-handed weapons with a shield.
You have a pair of large antennae on your head. (SInv)


Message History

Donald is moderately wounded.
Donald hits you with an eveningstar of protection!!
* * * LOW HITPOINT WARNING * * *
Okay, then.
You feel much better. Donald hits you but does no damage.
You feel very mighty all of a sudden.
Donald casts a spell.
You slice Donald like a ripe choko!!! You burn Donald!
Donald is almost dead.
Donald blocks your attack.
Donald is almost dead.
Donald looks more healthy.
Donald says, "The people that built this place?
They must be crazy."
Donald hits you with an eveningstar of protection!
* * * LOW HITPOINT WARNING * * *
Donald blocks your attack.
Donald is almost dead.
Donald says, "How about we settle this with a race?"
Donald hits you with an eveningstar of protection!!
You die...

.#### #.# ..#.# ..♣ #.#
.#)## {... #.# .### ♣...
#.# .# ... #.# .# ..# #.#
.# #(# #.# .# #@## #.####
'### #@## #..#.# ...##
##)###.#)## )...##
#.#.##'### .....#
####'...## .....#
##.....##
⌠....#############.......#
.....'...........'.......#
.....#############.......#
...)#### ##'.....##


You could see Donald.

Vanquished Creatures
  Gastronok (D:8)
  Azrael (Elf:1)
  A minotaur (Lab)
  Erolcha (D:11)
  2 hydras
  A catoblepas (Lair:5)
  9 dancing weapons
  Erica (D:9)
  4 ogre magi (Orc:2)
  7 death yaks
  11 deep elf knights
  7 deep elf archers (Elf:1)
  4 hill giants
  An orc knight (Orc:1)
  An orb spider (Spider:1)
  2 ugly things (D:12)
  41 deep elf magi
  A manticore (D:11)
  9 elephants
  8 black mambas
  Joseph (D:9)
  A kobold demonologist (D:11)
  16 spiny frogs
  3 rime drakes
  12 komodo dragons
  5 jumping spiders (Lair:4)
  6 polar bears
  A polar bear (shapeshifter) (Elf:1)
  5 hornets
  3 trolls
  17 two-headed ogres
  A dream sheep (shapeshifter) (Elf:2)
  26 blink frogs
  Prince Ribbit (D:9)
  3 hippogriffs
  7 dream sheep (Lair:6)
  Sigmund (D:4)
  An air elemental (Elf:1)
  2 redbacks
  12 spriggans (Lair:6)
  A shadow (D:12)
  4 wyverns
  2 basilisks (Lair:2)
  2 fire elementals (Elf:1)
  35 yaks
  A hungry ghost (D:7)
  Grum (Lair:1)
  A mottled dragon (D:12)
  2 wargs
  Duvessa (D:6)
  2 hell hounds (Elf:1)
  7 water moccasins
  6 porcupines
  4 sky beasts
  5 ice beasts
  16 orc warriors
  2 black bears
  2 necrophages
  2 phantoms
  27 ogres
  4 boggarts (Lair:6)
  9 centaurs
  32 wolves
  8 crocodiles
  5 big kobolds
  2 gnoll sergeants
  2 earth elementals (Elf:1)
  14 bullfrogs
  Dowan (D:6)
  12 scorpions
  11 killer bees
  10 wights
  An electric eel (Lair:3)
  3 howler monkeys (D:12)
  5 crimson imps
  4 centaur zombies
  A quasit (D:10)
  A bullfrog zombie (D:10)
  3 jellies
  3 centaur skeletons
  A human zombie (Ossuary)
  21 orc priests
  A bullfrog skeleton (D:9)
  5 hounds
  21 orc wizards
  5 iguanas
  4 worker ants
  2 big kobold zombies (Ossuary)
  A hound skeleton (D:5)
  3 mummies
  A worker ant zombie (D:10)
  A howler monkey skeleton (D:7)
  10 adders
  9 gnolls
  4 river rats (Sewer)
  4 scorpion zombies (Ossuary)
  3 shadow imps
  An ooze (D:6)
  An adder zombie (D:9)
  2 adder skeletons
  A worm (D:6)
  12 leopard geckos
  86 orcs
  A ball python (D:4)
  4 bats
  9 giant cockroaches
  4 goblins
  13 hobgoblins
  22 jackals
  24 kobolds
  4 quokkas
  A ball python skeleton (D:4)
  4 frilled lizards
  2 gnoll zombies (Ossuary)
  2 goblin zombies (Ossuary)
  4 kobold zombies (Ossuary)
  2 leopard gecko skeletons
  An orc zombie (Ossuary)
  7 rats
794 creatures vanquished.

Vanquished Creatures (others)
  3 ghouls (D:1)
  A minotaur (D:1)
  A deep elf knight (Elf:1)
  A vine stalker (D:1)
  A gargoyle (D:1)
  An elf (D:1)
  2 trolls (D:1)
  A spriggan (D:1)
  A formicid (D:1)
  A human (D:1)
  A dwarf (D:1)
  A centaur (D:1)
  A centaur zombie (Ossuary)
  A mummy (Ossuary)
  An orc (D:1)
  A hobgoblin zombie (Ossuary)
  5 fungi
  4 tentacles (D:1)
28 creatures vanquished.

Grand Total: 822 creatures vanquished

Notes
Turn   | Place    | Note
-------+----------+-------------------------------------------
     0 | D:1      | Ladykiller69 the Formicid Fighter began the quest for the Orb.
     0 | D:1      | Reached XP level 1. HP: 18/18 MP: 1/1
     2 | D:1      | Noticed a gargoyle
     2 | D:1      | Noticed a formicid
     2 | D:1      | Noticed a centaur
     2 | D:1      | Noticed a vine stalker
     2 | D:1      | Noticed a ghoul
     2 | D:1      | Noticed a ghoul
     2 | D:1      | Noticed a kraken
     2 | D:1      | Noticed a human
     2 | D:1      | Noticed a ghoul
     2 | D:1      | Noticed an elf
     2 | D:1      | Noticed a minotaur
     2 | D:1      | Noticed a dwarf
     2 | D:1      | Noticed a spriggan
     2 | D:1      | Noticed a troll
     2 | D:1      | Noticed a troll
     5 | D:1      | Killed a gargoyle
     5 | D:1      | Killed a centaur
     8 | D:1      | Killed a human
     8 | D:1      | Killed an elf
     9 | D:1      | Killed a vine stalker
    11 | D:1      | Killed a troll
    11 | D:1      | Killed a formicid
    12 | D:1      | Killed a dwarf
    12 | D:1      | Killed a spriggan
    12 | D:1      | Killed a minotaur
    14 | D:1      | Killed a troll
    17 | D:1      | Killed a ghoul
    17 | D:1      | Killed a ghoul
    20 | D:1      | Killed a ghoul
   140 | D:1      | Reached XP level 2. HP: 9/24 MP: 2/2
   507 | D:1      | Reached XP level 3. HP: 27/29 MP: 3/3
  1536 | D:2      | Reached XP level 4. HP: 31/35 MP: 4/4
  1545 | D:2      | Reached skill level 3 in Long Blades
  1973 | D:3      | Found a burning altar of Makhleb.
  1998 | D:3      | Reached XP level 5. HP: 35/42 MP: 5/5
  2437 | D:4      | Got a faintly glowing leather armour
  2505 | D:4      | Found a shadowy altar of Dithmenos.
  2505 | D:4      | Found a radiant altar of Vehumet.
  2511 | D:4      | Found a faded altar of an unknown god.
  2513 | D:4      | Found a sparkling altar of Nemelex Xobeh.
  2515 | D:4      | Found a blossoming altar of Fedhas.
  2684 | D:4      | Noticed Sigmund
  2709 | D:4      | Killed Sigmund
  2709 | D:4      | Reached skill level 5 in Long Blades
  2709 | D:4      | Reached skill level 5 in Shields
  2709 | D:4      | Reached XP level 6. HP: 25/48 MP: 6/6
  2731 | D:4      | Found a sand-covered staircase.
  2817 | Ossuary  | Entered an ossuary
  2927 | Ossuary  | Reached XP level 7. HP: 54/54 MP: 7/7
  3086 | Ossuary  | Reached skill level 6 in Long Blades
  3412 | Ossuary  | Reached XP level 8. HP: 40/60 MP: 8/8
  3798 | D:4      | Reached skill level 7 in Long Blades
  4192 | D:4      | Identified the +2 leather armour "Bosiymmo" {rF+ Slay+2} (You found it on level 4 of the Dungeon)
  4775 | D:5      | Entered Level 5 of the Dungeon
  5174 | D:5      | Reached skill level 8 in Long Blades
  5453 | D:5      | Reached XP level 9. HP: 41/65 MP: 9/9
  5970 | D:6      | Reached skill level 9 in Long Blades
  6062 | D:6      | Found a staircase to the Ecumenical Temple.
  6071 | Temple   | Entered the Ecumenical Temple
  6117 | Temple   | Became a worshipper of Cheibriados the Contemplative
  6199 | D:6      | Found a glowing drain.
  6206 | Sewer    | Entered a sewer
  6410 | D:6      | Reached * piety under Cheibriados
  6586 | D:6      | Reached skill level 1 in Invocations
  6671 | D:6      | Noticed Duvessa
  6674 | D:6      | Noticed Dowan
  6685 | D:6      | Killed Duvessa
  6692 | D:6      | Reached skill level 1 in Dodging
  6716 | D:6      | Killed Dowan
  6716 | D:6      | Reached skill level 10 in Long Blades
  6826 | D:6      | Reached XP level 10. HP: 65/73 MP: 11/11
  6942 | D:6      | Reached ** piety under Cheibriados
  7378 | D:7      | Reached skill level 5 in Armour
  7707 | D:8      | Found a stormy altar of Qazlal.
  7805 | D:8      | Noticed Gastronok
  7818 | D:8      | Killed Gastronok
  7818 | D:8      | Reached skill level 5 in Fighting
  7818 | D:8      | Reached skill level 11 in Long Blades
  8141 | D:8      | Reached *** piety under Cheibriados
  8215 | D:8      | Reached XP level 11. HP: 67/80 MP: 14/14
  8230 | D:8      | Reached skill level 5 in Invocations
  8346 | D:9      | Noticed Erica
  8367 | D:9      | Killed Erica
  8682 | D:9      | Noticed Prince Ribbit
  8697 | D:9      | Killed Prince Ribbit
  8766 | D:9      | Reached **** piety under Cheibriados
  8994 | D:9      | Found a hide-covered altar of Uskayaw.
  8994 | D:9      | Found a glowing silver altar of Zin.
  9004 | D:10     | Entered Level 10 of the Dungeon
  9449 | D:9      | You fall through a shaft for 3 floors!
  9449 | D:12     | Found a staircase to the Orcish Mines.
  9796 | D:12     | Noticed a hill giant
  9798 | D:12     | Noticed a purple ugly thing
  9803 | D:12     | Killed a hill giant
  9815 | D:12     | Killed a purple ugly thing
  9815 | D:12     | Reached skill level 12 in Long Blades
 10043 | D:12     | Reached ***** piety under Cheibriados
 10501 | D:10     | Found Eraj's Antique Weapon Shoppe.
 10610 | D:10     | Reached skill level 5 in Dodging
 10624 | D:10     | Reached XP level 12. HP: 91/91 MP: 16/16
 10659 | D:10     | Found a staircase to the Lair.
 11037 | D:9      | Noticed Joseph
 11042 | D:9      | Killed Joseph
 11224 | Lair:1   | Entered Level 1 of the Lair of Beasts
 11281 | Lair:1   | Reached ****** piety under Cheibriados
 11424 | Lair:1   | Reached skill level 13 in Long Blades
 11432 | Lair:1   | Noticed Grum
 11435 | Lair:1   | Killed Grum
 11868 | Lair:2   | Reached XP level 13. HP: 81/99 MP: 19/19
 12424 | Lair:2   | You fall through a shaft!
 12424 | Lair:3   | Found a staircase to the Swamp.
 13655 | Lair:4   | Reached skill level 14 in Long Blades
 14026 | Lair:4   | Found a hole to the Spider Nest.
 14948 | Lair:5   | Reached XP level 14. HP: 108/109 MP: 21/21
 15063 | Lair:5   | Reached skill level 10 in Invocations
 15787 | Lair:5   | Learned a level 2 spell: Shroud of Golubria
 15904 | Lair:6   | Entered Level 6 of the Lair of Beasts
 15990 | Lair:6   | Reached skill level 10 in Fighting
 16143 | Lair:6   | Found a labyrinth entrance.
 16163 | Lab      | Entered a labyrinth
 16583 | Lab      | Got a shimmering steel ring
 16585 | Lab      | Identified the ring "Iceit" {Fire +Blink MP-9 Str+2 Dex+4} (You found it in a labyrinth)
 16602 | Lab      | Got a shimmering chain mail
 16613 | Lab      | Identified the +7 chain mail of Fedhas's Pride {Str+4} (You found it in a labyrinth)
 16683 | Lair:6   | Reached skill level 10 in Armour
 16820 | Lair:1   | Learned a level 1 spell: Summon Butterflies
 16822 | Lair:1   | Learned a level 1 spell: Corona
 16826 | Lair:1   | Learned a level 3 spell: Portal Projectile
 16831 | Lair:1   | Learned a level 4 spell: Passage of Golubria
 16885 | Lair:5   | Found a staircase to the Slime Pits.
 16918 | Spider:1 | Entered Level 1 of the Spider Nest
 17210 | Lair:6   | Reached skill level 15 in Long Blades
 17477 | Lair:6   | Reached XP level 15. HP: 102/117 MP: 23/23
 18552 | D:11     | Noticed Erolcha
 18558 | D:11     | Killed Erolcha
 19058 | D:12     | Found a roughly hewn altar of Beogh.
 19064 | Orc:1    | Entered Level 1 of the Orcish Mines
 19222 | Orc:1    | Found a bloodstained altar of Trog.
 19271 | Orc:2    | Entered Level 2 of the Orcish Mines
 19492 | Orc:2    | Found a roughly hewn altar of Beogh.
 19618 | Orc:2    | Found Wizxoliph's Magic Scroll Boutique.
 19618 | Orc:2    | Found Xeleqaysh's Gadget Emporium.
 19618 | Orc:2    | Found Pon Lek's Jewellery Emporium.
 19618 | Orc:2    | Found Longuak's Book Shop.
 19633 | Orc:2    | Reached skill level 16 in Long Blades
 19745 | Orc:2    | Bought a scroll of enchant armour for 105 gold pieces
 19745 | Orc:2    | Bought a scroll of identify for 28 gold pieces
 20099 | Orc:2    | Found a staircase to the Elven Halls.
 20289 | Elf:1    | Entered Level 1 of the Elven Halls
 20449 | Elf:1    | Reached XP level 16. HP: 114/127 MP: 25/25
 21110 | Elf:1    | Noticed Roxanne
 21153 | Elf:1    | You fall through a shaft!
 21722 | Elf:2    | Found a runed gate.
 21726 | Elf:2    | Found a runed gate.
 22477 | Elf:1    | Noticed Azrael
 22507 | Elf:1    | Killed Azrael
 22831 | Elf:1    | Reached skill level 17 in Long Blades
 23382 | Elf:1    | Reached skill level 10 in Dodging
 23973 | Elf:1    | Noticed Donald
 23987 | Elf:1    | Slain by Donald

Skill      XL: |  1  2  3  4  5  6  7  8  9 10 11 12 13 14 15 16 |
---------------+-------------------------------------------------+-----
Shields        | 4 5 6 8 9 |  9.0
Long Blades    | 3 5 6 8 10 11 12 13 14 15 16 17 | 17.2
Armour         | 4 5 7 8 9 10 11 12 | 12.4
Fighting       | 4 5 7 8 9 10 11 12 | 12.5
Invocations    | 2 4 6 8 9 11 12 | 12.8
Dodging        | 1 3 5 6 7 8 9 10 | 10.1

Action                   |  1- 3 |  4- 6 |  7- 9 | 10-12 | 13-15 | 16-18 || total
-------------------------+-------+-------+-------+-------+-------+-------++-------
Melee: Long sword        |    93 |   191 |   472 |   162 |       |       ||   918
       Scimitar          |       |       |       |   435 |  1043 |   370 ||  1848
Throw: Javelin           |       |       |     3 |     6 |     1 |     1 ||    11
Invok: Bend Time         |       |       |       |     1 |     1 |     1 ||     3
       Slouch            |       |       |       |       |     6 |       ||     6
       Temporal Distorti |       |       |       |       |       |     3 ||     3
 Abil: Dig               |     1 |     2 |    18 |    34 |    46 |    17 ||   118
       Shaft Self        |       |       |       |     1 |       |     1 ||     2
Evoke: Wand              |       |       |       |       |       |     1 ||     1
  Use: Scroll            |       |     6 |     4 |     7 |     7 |       ||    24
       Potion            |       |       |       |     5 |       |     3 ||     8
 Stab: Sleeping          |       |       |       |     1 |       |       ||     1
       Petrified         |       |       |       |       |     1 |       ||     1
       Distracted        |       |       |       |       |     1 |       ||     1
  Eat: Chunk             |     2 |     5 |    10 |    12 |    10 |     7 ||    46
       Beef jerky        |       |       |     1 |       |       |     1 ||     2
       Pizza             |       |       |     1 |     1 |     2 |       ||     4
       Royal jelly       |       |       |     1 |       |     1 |       ||     2
       Fruit             |       |       |       |       |    10 |       ||    10
Armor: Scale mail        |    38 |    69 |    39 |       |       |       ||   146
       Leather armour    |       |       |    39 |    23 |       |       ||    62
       Plate armour      |       |       |       |    43 |    77 |    83 ||   203
       Chain mail        |       |       |       |       |   105 |       ||   105
Dodge: Dodged            |    20 |    46 |   100 |   178 |   353 |    86 ||   783
Block: Shield            |    45 |    86 |   183 |   323 |   586 |   149 ||  1372
       Rpst.: Long sword |     7 |    16 |    28 |    13 |       |       ||    64
       Scimitar          |       |       |       |    43 |    95 |    18 ||   156
